WINNIPEG Jets vs ARIZONA Coyotes

Created - 3 mars 2024 at 14:48

Goals
1 2 3 OT1 T
WINNIPEG Jets 0 2 1 1 4
ARIZONA Coyotes 3 0 0 0 3
Shots
1 2 3 OT1 T
WINNIPEG Jets 7 10 9 1 27
ARIZONA Coyotes 13 10 10 0 33

1st period

1. ARIZONA Coyotes , Ryan Hartman 7 (Jonas Siegenthaler 19, Michael Bunting 13) at 7:41
2. ARIZONA Coyotes , Artemi Panarin 15 (Roman Josi 40, Auston Matthews 34) at 17:31
3. ARIZONA Coyotes , Ryan Nugent-Hopkins 21 (Mark Scheifele 23, Jonas Siegenthaler 20) at 18:03

Penalties :
No Penalty

2nd period

4. WINNIPEG Jets , Ilya Mikheyev 4 (Rasmus Dahlin 22, Jaden Schwartz 3) at 6:38
5. WINNIPEG Jets , Troy Terry 10 (Brian Dumoulin 15) at 11:37

Penalties :
Rickard Rakell (ARI) for Tripping (Minor) at 1:42, Brian Dumoulin (WPG) for Interference (Minor) at 9:30, Frederick Gaudreau (ARI) for Roughing (Minor) at 13:57

3rd period

6. WINNIPEG Jets , Troy Terry 11 (Miro Heiskanen 19, Logan Couture 17) at 12:33

Penalties :
Mathew Barzal (WPG) for Tripping (Minor) at 1:56, Alec Martinez (ARI) for Tripping (Minor) at 16:15, Logan Couture (WPG) for Hooking (Minor) at 16:15, Michael Bunting (ARI) for Slashing (Minor) at 18:20

Overtime #1

7. WINNIPEG Jets , Brandon Hagel 9 (Trevor van Riemsdyk 14, Travis Sanheim 20) at 0:22

Penalties :
No Penalty

Goalie Stats

Jeremy Swayman (WPG), 30 saves from 33 shots - (0,909), W, 17-14-7, 60:23 minutes
Andrei Vasilevskiy (ARI), 23 saves from 27 shots - (0,852), OTL, 27-8-3, 60:23 minutes

Players Stats for WINNIPEG Jets

Player Name              G  A  P  +/- PIM S  H  SB GA TA FO     MP     PP MP  PK MP  
------------------------------------------------------------------------------------
Alexander Kerfoot        0  0  0  -1  0   1  1  0  0  0  1/2    14:00   0:00   2:56 
Brandon Hagel            1  0  1  -1  0   3  4  1  0  0  0/0    21:00   1:56   0:00 
Brian Dumoulin           0  1  1   1  2   0  2  3  0  0  0/0    20:26   0:00   0:48 
Clayton Keller           0  0  0  -2  0   2  1  0  0  0  1/3    13:53   2:52   0:00 
Evan Bouchard            0  0  0  -1  0   2  3  1  0  0  0/0    18:26   3:00   0:36 
Ilya Mikheyev            1  0  1   1  0   2  1  0  0  0  0/0    12:02   0:00   1:02 
Jaden Schwartz           0  1  1   1  0   1  0  0  0  0  1/1    11:17   0:00   0:00 
Kaapo Kakko              0  0  0   0  0   0  0  0  0  0  0/0     0:00   0:00   0:00 
Logan Couture            0  1  1   0  2   4  1  0  0  0  11/34  23:08   2:45   0:00 
Mathew Barzal            0  0  0  -1  2   1  1  0  0  0  1/7    21:48   2:45   0:00 
Miro Heiskanen           0  1  1   0  0   0  2  3  0  0  0/0    21:52   2:37   0:20 
Nick Suzuki              0  0  0  -1  0   3  1  1  0  0  26/37  22:28   2:52   2:34 
Radek Faksa              0  0  0   2  0   0  0  1  0  0  3/14   12:22   0:00   1:02 
Rasmus Dahlin            0  1  1   1  0   0  5  0  0  0  0/0    19:48   3:00   1:26 
Tim Stutzle              0  0  0   2  0   2  4  0  0  0  0/0    12:08   2:45   0:00 
Travis Sanheim           0  1  1  -1  0   0  3  1  0  0  0/0    20:58   2:37   2:34 
Trevor van Riemsdyk      0  1  1   1  0   0  1  0  0  0  0/0    19:12   0:00   2:12 
Troy Terry               2  0  2   2  0   6  0  0  0  0  0/2    10:41   0:56   0:22 

Players Stats for ARIZONA Coyotes

Player Name              G  A  P  +/- PIM S  H  SB GA TA FO     MP     PP MP  PK MP  
------------------------------------------------------------------------------------
Alec Martinez            0  0  0   1  2   1  0  1  0  0  0/0    20:01   0:00   3:39 
Artemi Panarin           1  0  1  -1  0   2  2  0  0  0  0/2    23:32   2:10   0:37 
Auston Matthews          0  1  1  -2  0   7  1  0  0  0  20/35  23:25   2:10   0:27 
Brandon Sutter           0  0  0  -1  0   0  0  1  0  0  9/20    9:10   0:00   4:28 
Frederick Gaudreau       0  0  0   1  2   0  0  0  0  0  5/10    9:07   0:00   1:02 
Jonas Siegenthaler       0  2  2   1  0   1  3  0  0  0  0/0    19:05   0:00   2:18 
Mark Scheifele           0  1  1   1  0   4  0  0  0  0  14/22  19:02   2:10   0:00 
Michael Bunting          0  1  1   1  2   3  0  0  0  0  1/1     9:53   1:48   0:00 
Mikey Anderson           0  0  0   0  0   1  3  1  0  0  0/0    11:30   0:00   0:00 
Morgan Frost             0  0  0  -1  0   0  1  0  0  0  1/1     4:42   0:00   0:00 
Pierre-Edouard Bellemare 0  0  0  -1  0   0  0  0  0  0  1/1     4:42   0:00   0:00 
Rickard Rakell           0  0  0   0  2   2  0  0  0  0  1/2    19:10   1:48   0:52 
Roman Josi               0  1  1  -1  0   3  1  0  0  0  0/0    24:42   2:10   0:00 
Ryan Hartman             1  0  1   1  0   1  2  0  0  0  0/0     9:54   1:48   0:00 
Ryan Nugent-Hopkins      1  0  1   1  0   5  0  1  0  0  0/2    23:10   2:10   4:08 
Sam Reinhart             0  0  0  -1  0   1  0  0  0  0  4/4    20:58   1:48   0:00 
Scott Mayfield           0  0  0  -1  0   2  2  0  0  0  0/0    17:46   1:48   2:38 
Vladislav Gavrikov       0  0  0  -1  0   0  1  1  0  0  0/0    23:40   0:00   3:19 

3 Stars

1 - Troy Terry (WPG)
2 - Jonas Siegenthaler (ARI)
3 - Rasmus Dahlin (WPG)

Power Play

WINNIPEG Jets - 0 on 3 Attempt(s) - 0,00%
ARIZONA Coyotes - 0 on 2 Attempt(s) - 0,00%

Penalty Kill

WINNIPEG Jets - 2 on 2 Attempt(s) - 100,00% - Score 0 goal in Penalty Kill
ARIZONA Coyotes - 3 on 3 Attempt(s) - 100,00% - Score 0 goal in Penalty Kill

Team Stat

WINNIPEG Jets - Hits : 30 - Faceoff Wins : 44 - Blocked Shots : 11 - Penalty Minutes : 6
ARIZONA Coyotes - Hits : 16 - Faceoff Wins : 56 - Blocked Shots : 5 - Penalty Minutes : 8

Official

Referees : Justin St. Pierre and Anniina Nurmi
Linesman : Kory Nagy and Jonny Murray

Game Notes

No Game Note

Finance

Level 1 -- Attendance: 5972 (85,31%) -- Ticket Income $561,368
Level 2 -- Attendance: 4675 (77,92%) -- Ticket Income $252,450
Level 3 -- Attendance: 2539 (63,48%) -- Ticket Income $60,936
Level 4 -- Attendance: 4576 (76,27%) -- Ticket Income $64,064
Luxury Box -- Attendance: 1000 (100,00%) -- Ticket Income $154,000
Game was played at the Gila River Arena.
Total Attendance: 18762 (78,18%)
Total Ticket Income: $1,092,818
Other Income: $273,204
Total Income: $1,366,022

WINNIPEG Jets

5 vs 5 Forward 
   Center                   Left Wing                Right Wing               Time % Phy DF OF 
 1 Nick Suzuki              Brandon Hagel            Mathew Barzal            32     1   2  2  
 2 Logan Couture            Alexander Kerfoot        Clayton Keller           30     1   2  2  
 3 Logan Couture            Tim Stutzle              Troy Terry               28     1   2  2  
 4 Radek Faksa              Jaden Schwartz           Ilya Mikheyev            10     2   2  1  

5 vs 5 Defense 
   Defense                  Defense                                           Time % Phy DF OF 
 1 Miro Heiskanen           Brian Dumoulin                                    40     1   2  2  
 2 Trevor van Riemsdyk      Rasmus Dahlin                                     30     1   2  2  
 3 Travis Sanheim           Evan Bouchard                                     20     1   2  2  
 4 Travis Sanheim           Evan Bouchard                                     10     1   2  2  

PowerPlay Forward 
   Center                   Left Wing                Right Wing               Time % Phy DF OF 
 1 Nick Suzuki              Brandon Hagel            Clayton Keller           60     1   2  2  
 2 Logan Couture            Tim Stutzle              Mathew Barzal            40     1   2  2  

PowerPlay Defense
   Defense                  Defense                                           Time % Phy DF OF 
 1 Rasmus Dahlin            Evan Bouchard                                     60     1   2  2  
 2 Miro Heiskanen           Travis Sanheim                                    40     1   2  2  

Penalty Kill 4 Players Forward 
   Center                   Wing                     Time % Phy DF OF 
 1 Nick Suzuki              Alexander Kerfoot        60     1   2  2  
 2 Radek Faksa              Ilya Mikheyev            40     1   2  2  

Penalty Kill 4 Players Defense
   Defense                  Defense                  Time % Phy DF OF 
 1 Brian Dumoulin           Trevor van Riemsdyk      60     1   2  2  
 2 Travis Sanheim           Rasmus Dahlin            40     1   2  2  

Penalty Kill - 3 Players Forward 
   Forward                                           Time % Phy DF OF 
 1 Logan Couture                                     60     1   2  2  
 2 Nick Suzuki                                       40     1   2  2  

Penalty Kill - 3 Players Defense
   Defense                  Defense                  Time % Phy DF OF 
 1 Rasmus Dahlin            Miro Heiskanen           60     1   2  2  
 2 Evan Bouchard            Brian Dumoulin           40     1   2  2  

4 vs 4 Forward 
   Center                   Wing                     Time % Phy DF OF 
 1 Mathew Barzal            Brandon Hagel            60     1   2  2  
 2 Radek Faksa              Jaden Schwartz           40     1   2  2  

4 vs 4 Defense
   Defense                  Defense                  Time % Phy DF OF 
 1 Trevor van Riemsdyk      Travis Sanheim           60     1   2  2  
 2 Evan Bouchard            Brian Dumoulin           40     1   2  2  

Last Minutes Offensive
   Center                   Left Wing                Right Wing               Defense                  Defense                  
   Logan Couture            Clayton Keller           Mathew Barzal            Rasmus Dahlin            Miro Heiskanen           

Last Minutes Defensive
   Center                   Left Wing                Right Wing               Defense                  Defense                  
   Logan Couture            Clayton Keller           Alexander Kerfoot        Brian Dumoulin           Trevor van Riemsdyk      

Goaltenders
Starting : Jeremy Swayman           
Backup : Pavel Francouz           

Extra Forwards
Normal : Troy Terry, Nick Suzuki, Alexander Kerfoot - PP : Troy Terry, Nick Suzuki - PK : Troy Terry
Extra Defensemen
Normal : Brian Dumoulin, Trevor van Riemsdyk, Travis Sanheim - PP : Brian Dumoulin - PK : Brian Dumoulin, Trevor van Riemsdyk
Penalty Shots
Clayton Keller, Tim Stutzle, Brandon Hagel, Logan Couture, Nick Suzuki

Scratches
None

ARIZONA Coyotes

5 vs 5 Forward 
   Center                   Left Wing                Right Wing               Time % Phy DF OF 
 1 Auston Matthews          Artemi Panarin           Sam Reinhart             52     1   1  3  
 2 Mark Scheifele           Ryan Nugent-Hopkins      Rickard Rakell           40     1   1  3  
 3 Frederick Gaudreau       Michael Bunting          Ryan Hartman             8      1   2  2  
 4 Brandon Sutter           Morgan Frost             Pierre-Edouard Bellemare 0      1   3  1  

5 vs 5 Defense 
   Defense                  Defense                                           Time % Phy DF OF 
 1 Roman Josi               Vladislav Gavrikov                                50     1   2  2  
 2 Alec Martinez            Jonas Siegenthaler                                30     1   2  2  
 3 Scott Mayfield           Mikey Anderson                                    20     1   2  2  
 4 Roman Josi               Scott Mayfield                                    0      1   2  2  

PowerPlay Forward 
   Center                   Left Wing                Right Wing               Time % Phy DF OF 
 1 Auston Matthews          Mark Scheifele           Artemi Panarin           80     0   1  4  
 2 Sam Reinhart             Rickard Rakell           Ryan Hartman             20     1   1  3  

PowerPlay Defense
   Defense                  Defense                                           Time % Phy DF OF 
 1 Roman Josi               Ryan Nugent-Hopkins                               80     0   2  3  
 2 Scott Mayfield           Michael Bunting                                   20     1   2  2  

Penalty Kill 4 Players Forward 
   Center                   Wing                     Time % Phy DF OF 
 1 Brandon Sutter           Ryan Nugent-Hopkins      70     1   3  1  
 2 Frederick Gaudreau       Pierre-Edouard Bellemare 30     1   4  0  

Penalty Kill 4 Players Defense
   Defense                  Defense                  Time % Phy DF OF 
 1 Vladislav Gavrikov       Alec Martinez            69     1   3  1  
 2 Scott Mayfield           Jonas Siegenthaler       31     2   3  0  

Penalty Kill - 3 Players Forward 
   Forward                                           Time % Phy DF OF 
 1 Brandon Sutter                                    60     1   4  0  
 2 Frederick Gaudreau                                40     1   3  1  

Penalty Kill - 3 Players Defense
   Defense                  Defense                  Time % Phy DF OF 
 1 Scott Mayfield           Alec Martinez            60     2   3  0  
 2 Scott Mayfield           Jonas Siegenthaler       40     2   3  0  

4 vs 4 Forward 
   Center                   Wing                     Time % Phy DF OF 
 1 Auston Matthews          Artemi Panarin           60     1   2  2  
 2 Mark Scheifele           Ryan Nugent-Hopkins      40     1   2  2  

4 vs 4 Defense
   Defense                  Defense                  Time % Phy DF OF 
 1 Roman Josi               Scott Mayfield           60     1   2  2  
 2 Alec Martinez            Jonas Siegenthaler       40     1   2  2  

Last Minutes Offensive
   Center                   Left Wing                Right Wing               Defense                  Defense                  
   Auston Matthews          Artemi Panarin           Sam Reinhart             Roman Josi               Ryan Nugent-Hopkins      

Last Minutes Defensive
   Center                   Left Wing                Right Wing               Defense                  Defense                  
   Brandon Sutter           Frederick Gaudreau       Pierre-Edouard Bellemare Vladislav Gavrikov       Alec Martinez            

Goaltenders
Starting : Andrei Vasilevskiy       
Backup : Kevin Lankinen           

Extra Forwards
Normal : Michael Bunting, Artemi Panarin, Frederick Gaudreau - PP : Michael Bunting, Artemi Panarin - PK : Frederick Gaudreau
Extra Defensemen
Normal : Mikey Anderson, Vladislav Gavrikov, Alec Martinez - PP : Mikey Anderson - PK : Vladislav Gavrikov, Alec Martinez
Penalty Shots
Auston Matthews, Ryan Nugent-Hopkins, Mark Scheifele, Sam Reinhart, Rickard Rakell

Scratches
Nick Bonino (Healthy)

% Time on Ice - WINNIPEG Jets

Lines # - Real PCT - Wanted PCT - Time Play
Normal Forward
1 - 35% - 32% - 17:02
2 - 23% - 30% - 11:01
3 - 19% - 28% - 9:23
4 - 23% - 10% - 11:00
Normal Defense
1 - 39% - 40% - 18:55
2 - 32% - 30% - 15:22
3 - 19% - 20% - 9:17
4 - 10% - 10% - 4:52
PP Forward
1 - 51% - 60% - 2:52
2 - 49% - 40% - 2:45
PP Defense
1 - 53% - 60% - 3:00
2 - 47% - 40% - 2:37
PK Forward
1 - 74% - 60% - 2:56
2 - 26% - 40% - 1:02
PK Defense
1 - 64% - 60% - 2:32
2 - 36% - 40% - 1:26
PK3 Forward
1 - 0% - 60%
2 - 0% - 40%
PK3 Defense
1 - 0% - 60%
2 - 0% - 40%
44 Forward
1 - 88% - 60% - 2:02
2 - 12% - 40% - 0:17
44 Defense
1 - 71% - 60% - 1:38
2 - 29% - 40% - 0:41
Last Minute Offensive  - 0:00
Last Minute Defensive  - 0:00
Total
Forward - 60:20
Defense - 60:20

% Time on Ice - ARIZONA Coyotes

Lines # - Real PCT - Wanted PCT - Time Play
Normal Forward
1 - 40% - 52% - 19:10
2 - 34% - 40% - 16:28
3 - 17% - 8% - 8:06
4 - 10% - 0% - 4:42
Normal Defense
1 - 42% - 50% - 20:21
2 - 34% - 30% - 16:23
3 - 23% - 20% - 11:06
4 - 1% - 0% - 0:36
PP Forward
1 - 55% - 80% - 2:10
2 - 45% - 20% - 1:48
PP Defense
1 - 55% - 80% - 2:10
2 - 45% - 20% - 1:48
PK Forward
1 - 100% - 70% - 5:37
2 - 0% - 30% - 0:00
PK Defense
1 - 59% - 69% - 3:19
2 - 41% - 31% - 2:18
PK3 Forward
1 - 100% - 60% - 0:20
2 - 0% - 40% - 0:00
PK3 Defense
1 - 100% - 60% - 0:20
2 - 0% - 40% - 0:00
44 Forward
1 - 80% - 60% - 1:35
2 - 20% - 40% - 0:24
44 Defense
1 - 80% - 60% - 1:35
2 - 20% - 40% - 0:24
Last Minute Offensive  - 0:00
Last Minute Defensive  - 0:00
Total
Forward - 60:20
Defense - 60:20

Play-by-Play

1st period


0:01 of 1st period - Auston Matthews wins face-off versus Nick Suzuki in neutral zone.
0:24 of 1st period - Shot by Auston Matthews.
0:24 of 1st period - Stopped by Jeremy Swayman without a rebound.
0:25 of 1st period - Logan Couture wins face-off versus Mark Scheifele in WINNIPEG Jets zone.
0:27 of 1st period - Icing by Clayton Keller.
0:28 of 1st period - Mark Scheifele wins face-off versus Alexander Kerfoot in WINNIPEG Jets zone.
0:31 of 1st period - Shot by Rickard Rakell.
0:31 of 1st period - Stopped by Jeremy Swayman without a rebound.
0:32 of 1st period - Mark Scheifele wins face-off versus Logan Couture in WINNIPEG Jets zone.
0:52 of 1st period - Shot by Logan Couture.
0:52 of 1st period - Shot Misses the Net.
1:27 of 1st period - Jaden Schwartz is hit by Jonas Siegenthaler and loses puck.
1:49 of 1st period - Jaden Schwartz is hit by Jonas Siegenthaler and loses puck.
2:44 of 1st period - Shot by Roman Josi.
2:44 of 1st period - Stopped by Jeremy Swayman without a rebound.
2:45 of 1st period - Clayton Keller wins face-off versus Frederick Gaudreau in WINNIPEG Jets zone.
2:56 of 1st period - Shot by Michael Bunting.
2:56 of 1st period - Shot Misses the Net.
3:11 of 1st period - Icing by Travis Sanheim.
3:12 of 1st period - Logan Couture wins face-off versus Brandon Sutter in WINNIPEG Jets zone.
3:48 of 1st period - Icing by Logan Couture.
3:49 of 1st period - Logan Couture wins face-off versus Auston Matthews in WINNIPEG Jets zone.
4:02 of 1st period - Mikey Anderson is hit by Mathew Barzal and loses puck.
4:28 of 1st period - Shot by Artemi Panarin.
4:28 of 1st period - Shot Blocked by Brandon Hagel.
4:31 of 1st period - Icing by Brian Dumoulin.
4:32 of 1st period - Nick Suzuki wins face-off versus Mark Scheifele in WINNIPEG Jets zone.
5:09 of 1st period - Shot by Ilya Mikheyev.
5:09 of 1st period - Stopped by Andrei Vasilevskiy without a rebound.
5:10 of 1st period - Logan Couture wins face-off versus Frederick Gaudreau in ARIZONA Coyotes zone.
5:23 of 1st period - Evan Bouchard is hit by Ryan Hartman and loses puck.
5:43 of 1st period - Icing by Evan Bouchard.
5:44 of 1st period - Logan Couture wins face-off versus Auston Matthews in WINNIPEG Jets zone.
5:48 of 1st period - Off-side.
5:49 of 1st period - Nick Suzuki wins face-off versus Auston Matthews in neutral zone.
6:24 of 1st period - Shot by Nick Suzuki.
6:24 of 1st period - Stopped by Andrei Vasilevskiy without a rebound.
6:25 of 1st period - Logan Couture wins face-off versus Mark Scheifele in ARIZONA Coyotes zone.
6:25 of 1st period - Miro Heiskanen is hit by Vladislav Gavrikov and loses puck.
6:54 of 1st period - Shot by Ryan Nugent-Hopkins.
6:54 of 1st period - Shot Misses the Net.
7:41 of 1st period - Shot by Ryan Hartman.
7:41 of 1st period - Goal by Ryan Hartman - WINNIPEG Jets : 0 - ARIZONA Coyotes : 1.
7:42 of 1st period - Nick Suzuki wins face-off versus Auston Matthews in neutral zone.
7:48 of 1st period - Brandon Hagel is hit by Mikey Anderson and loses puck.
8:02 of 1st period - Brandon Hagel is hit by Mikey Anderson and loses puck.
8:10 of 1st period - Mathew Barzal is hit by Mikey Anderson.
8:25 of 1st period - Mathew Barzal is hit by Scott Mayfield and loses puck.
9:04 of 1st period - Shot by Mark Scheifele.
9:04 of 1st period - Shot Misses the Net.
9:28 of 1st period - Shot by Mark Scheifele.
9:28 of 1st period - Stopped by Jeremy Swayman without a rebound.
9:29 of 1st period - Logan Couture wins face-off versus Brandon Sutter in WINNIPEG Jets zone.
9:38 of 1st period - Shot by Troy Terry.
9:38 of 1st period - Stopped by Andrei Vasilevskiy without a rebound.
9:39 of 1st period - Nick Suzuki wins face-off versus Frederick Gaudreau in ARIZONA Coyotes zone.
9:46 of 1st period - Shot by Brandon Hagel.
9:46 of 1st period - Deflect By Nick Suzuki.
9:46 of 1st period - Stopped by Andrei Vasilevskiy without a rebound.
9:47 of 1st period - Mark Scheifele wins face-off versus Logan Couture in ARIZONA Coyotes zone.
9:56 of 1st period - Shot by Ryan Nugent-Hopkins.
9:56 of 1st period - Shot Misses the Net.
10:08 of 1st period - Shot by Ryan Nugent-Hopkins.
10:08 of 1st period - Shot Misses the Net.
10:15 of 1st period - Ryan Nugent-Hopkins is hit by Brian Dumoulin and loses puck.
10:29 of 1st period - Off-side.
10:30 of 1st period - Auston Matthews wins face-off versus Nick Suzuki in neutral zone.
10:32 of 1st period - Sam Reinhart is hit by Rasmus Dahlin.
10:53 of 1st period - Auston Matthews is hit by Rasmus Dahlin and loses puck.
11:29 of 1st period - Scott Mayfield is hit by Brandon Hagel and loses puck.
12:48 of 1st period - Shot by Ryan Nugent-Hopkins.
12:48 of 1st period - Stopped by Jeremy Swayman without a rebound.
12:49 of 1st period - Sam Reinhart wins face-off versus Radek Faksa in WINNIPEG Jets zone.
12:52 of 1st period - Shot by Sam Reinhart.
12:52 of 1st period - Stopped by Jeremy Swayman without a rebound.
12:53 of 1st period - Auston Matthews wins face-off versus Radek Faksa in WINNIPEG Jets zone.
12:53 of 1st period - Auston Matthews is hit by Evan Bouchard.
13:01 of 1st period - Shot by Artemi Panarin.
13:01 of 1st period - Stopped by Jeremy Swayman without a rebound.
13:02 of 1st period - Auston Matthews wins face-off versus Radek Faksa in WINNIPEG Jets zone.
13:07 of 1st period - Shot by Auston Matthews.
13:07 of 1st period - Shot Blocked by Radek Faksa.
14:09 of 1st period - Shot by Ryan Nugent-Hopkins.
14:09 of 1st period - Shot Blocked by Evan Bouchard.
14:52 of 1st period - Icing by Scott Mayfield.
14:53 of 1st period - Brandon Sutter wins face-off versus Logan Couture in ARIZONA Coyotes zone.
14:53 of 1st period - Brandon Sutter is hit by Alexander Kerfoot.
15:03 of 1st period - Shot by Logan Couture.
15:03 of 1st period - Shot Blocked by Mikey Anderson.
15:31 of 1st period - Shot by Clayton Keller.
15:31 of 1st period - Shot Misses the Net.
15:33 of 1st period - Shot by Logan Couture.
15:33 of 1st period - Stopped by Andrei Vasilevskiy without a rebound.
15:34 of 1st period - Nick Suzuki wins face-off versus Auston Matthews in ARIZONA Coyotes zone.
16:05 of 1st period - Shot by Roman Josi.
16:05 of 1st period - Shot Misses the Net.
16:26 of 1st period - Icing by Trevor van Riemsdyk.
16:27 of 1st period - Nick Suzuki wins face-off versus Mark Scheifele in WINNIPEG Jets zone.
16:46 of 1st period - Shot by Mark Scheifele.
16:46 of 1st period - Stopped by Jeremy Swayman without a rebound.
16:47 of 1st period - Michael Bunting wins face-off versus Logan Couture in WINNIPEG Jets zone.
16:48 of 1st period - Shot by Ryan Hartman.
16:48 of 1st period - Shot Blocked by Miro Heiskanen.
17:08 of 1st period - Shot by Logan Couture.
17:08 of 1st period - Stopped by Andrei Vasilevskiy without a rebound.
17:09 of 1st period - Jaden Schwartz wins face-off versus Auston Matthews in ARIZONA Coyotes zone.
17:13 of 1st period - Icing by Sam Reinhart.
17:14 of 1st period - Auston Matthews wins face-off versus Logan Couture in ARIZONA Coyotes zone.
17:18 of 1st period - Roman Josi is hit by Evan Bouchard and loses puck.
17:31 of 1st period - Shot by Artemi Panarin.
17:31 of 1st period - Goal by Artemi Panarin - WINNIPEG Jets : 0 - ARIZONA Coyotes : 2.
17:32 of 1st period - Nick Suzuki wins face-off versus Mark Scheifele in neutral zone.
17:37 of 1st period - Shot by Brian Dumoulin.
17:37 of 1st period - Shot Misses the Net.
17:51 of 1st period - Shot by Mark Scheifele.
17:51 of 1st period - Deflect By Rickard Rakell.
17:51 of 1st period - Shot Misses the Net.
17:53 of 1st period - Shot by Alec Martinez.
17:53 of 1st period - Stopped by Jeremy Swayman with a rebound.
18:03 of 1st period - Shot by Ryan Nugent-Hopkins.
18:03 of 1st period - Goal by Ryan Nugent-Hopkins - WINNIPEG Jets : 0 - ARIZONA Coyotes : 3.
18:04 of 1st period - Auston Matthews wins face-off versus Logan Couture in neutral zone.
18:18 of 1st period - Auston Matthews is hit by Rasmus Dahlin and loses puck.
18:25 of 1st period - Shot by Logan Couture.
18:25 of 1st period - Shot Misses the Net.
18:41 of 1st period - Shot by Clayton Keller.
18:41 of 1st period - Deflect By Logan Couture.
18:41 of 1st period - Shot Misses the Net.
18:49 of 1st period - Shot by Logan Couture.
18:49 of 1st period - Stopped by Andrei Vasilevskiy without a rebound.
18:50 of 1st period - Mark Scheifele wins face-off versus Mathew Barzal in ARIZONA Coyotes zone.
19:12 of 1st period - Shot by Rickard Rakell.
19:12 of 1st period - Shot Blocked by Miro Heiskanen.
19:18 of 1st period - Shot by Rickard Rakell.
19:18 of 1st period - Shot Misses the Net.
19:20 of 1st period - Shot by Rickard Rakell.
19:20 of 1st period - Deflect By Mark Scheifele.
19:20 of 1st period - Stopped by Jeremy Swayman without a rebound.
19:21 of 1st period - Frederick Gaudreau wins face-off versus Radek Faksa in WINNIPEG Jets zone.
19:21 of 1st period - Frederick Gaudreau is hit by Travis Sanheim.
19:30 of 1st period - Michael Bunting is hit by Evan Bouchard and loses puck.
19:53 of 1st period - Shot by Ryan Hartman.
19:53 of 1st period - Shot Misses the Net.
Goals for this period are 0 for WINNIPEG Jets vs 3 for ARIZONA Coyotes.
Shots for this period are 7 for WINNIPEG Jets vs 13 for ARIZONA Coyotes.

2nd period


0:01 of 2nd period - Sam Reinhart wins face-off versus Logan Couture in neutral zone.
0:14 of 2nd period - Shot by Auston Matthews.
0:14 of 2nd period - Stopped by Jeremy Swayman without a rebound.
0:15 of 2nd period - Mark Scheifele wins face-off versus Nick Suzuki in WINNIPEG Jets zone.
0:16 of 2nd period - Shot by Jonas Siegenthaler.
0:16 of 2nd period - Stopped by Jeremy Swayman without a rebound.
0:17 of 2nd period - Auston Matthews wins face-off versus Logan Couture in WINNIPEG Jets zone.
0:22 of 2nd period - Shot by Roman Josi.
0:22 of 2nd period - Stopped by Jeremy Swayman with a rebound.
1:26 of 2nd period - Shot by Mark Scheifele.
1:26 of 2nd period - Stopped by Jeremy Swayman without a rebound.
1:27 of 2nd period - Pierre-Edouard Bellemare wins face-off versus Nick Suzuki in WINNIPEG Jets zone.
1:37 of 2nd period - Icing by Rasmus Dahlin.
1:38 of 2nd period - Nick Suzuki wins face-off versus Mark Scheifele in WINNIPEG Jets zone.
1:42 of 2nd period - Minor Penalty to Rickard Rakell for Tripping.
1:43 of 2nd period - Nick Suzuki wins face-off versus Brandon Sutter in ARIZONA Coyotes zone.
1:50 of 2nd period - Shot by Brandon Hagel.
1:50 of 2nd period - Stopped by Andrei Vasilevskiy without a rebound.
1:51 of 2nd period - Nick Suzuki wins face-off versus Brandon Sutter in ARIZONA Coyotes zone.
1:58 of 2nd period - Shot by Clayton Keller.
1:58 of 2nd period - Deflect By Nick Suzuki.
1:58 of 2nd period - Stopped by Andrei Vasilevskiy without a rebound.
1:59 of 2nd period - Nick Suzuki wins face-off versus Brandon Sutter in ARIZONA Coyotes zone.
2:07 of 2nd period - Shot by Evan Bouchard.
2:07 of 2nd period - Shot Misses the Net.
2:11 of 2nd period - Shot by Evan Bouchard.
2:11 of 2nd period - Stopped by Andrei Vasilevskiy without a rebound.
2:12 of 2nd period - Brandon Sutter wins face-off versus Mathew Barzal in ARIZONA Coyotes zone.
2:12 of 2nd period - Brandon Sutter is hit by Tim Stutzle.
2:32 of 2nd period - Shot by Tim Stutzle.
2:32 of 2nd period - Stopped by Andrei Vasilevskiy with a rebound.
2:38 of 2nd period - Shot by Logan Couture.
2:38 of 2nd period - Shot Blocked by Brandon Sutter.
2:56 of 2nd period - Shot by Rasmus Dahlin.
2:56 of 2nd period - Shot Misses the Net.
4:04 of 2nd period - Shot by Sam Reinhart.
4:04 of 2nd period - Deflect By Auston Matthews.
4:04 of 2nd period - Stopped by Jeremy Swayman without a rebound.
4:05 of 2nd period - Logan Couture wins face-off versus Mark Scheifele in WINNIPEG Jets zone.
5:11 of 2nd period - Shot by Mathew Barzal.
5:11 of 2nd period - Shot Misses the Net.
5:13 of 2nd period - Shot by Nick Suzuki.
5:13 of 2nd period - Shot Blocked by Alec Martinez.
6:11 of 2nd period - Shot by Jaden Schwartz.
6:11 of 2nd period - Stopped by Andrei Vasilevskiy without a rebound.
6:12 of 2nd period - Auston Matthews wins face-off versus Clayton Keller in ARIZONA Coyotes zone.
6:16 of 2nd period - Icing by Sam Reinhart.
6:17 of 2nd period - Auston Matthews wins face-off versus Radek Faksa in ARIZONA Coyotes zone.
6:32 of 2nd period - Shot by Radek Faksa.
6:32 of 2nd period - Shot Misses the Net.
6:36 of 2nd period - Shot by Jaden Schwartz.
6:36 of 2nd period - Shot Misses the Net.
6:38 of 2nd period - Shot by Rasmus Dahlin.
6:38 of 2nd period - Deflect By Ilya Mikheyev.
6:38 of 2nd period - Goal by Ilya Mikheyev - WINNIPEG Jets : 1 - ARIZONA Coyotes : 3.
6:39 of 2nd period - Mark Scheifele wins face-off versus Logan Couture in neutral zone.
6:44 of 2nd period - Shot by Mark Scheifele.
6:44 of 2nd period - Deflect By Ryan Nugent-Hopkins.
6:44 of 2nd period - Shot Blocked by Brian Dumoulin.
6:54 of 2nd period - Shot by Rickard Rakell.
6:54 of 2nd period - Stopped by Jeremy Swayman without a rebound.
6:55 of 2nd period - Nick Suzuki wins face-off versus Auston Matthews in WINNIPEG Jets zone.
7:10 of 2nd period - Shot by Auston Matthews.
7:10 of 2nd period - Shot Misses the Net.
7:12 of 2nd period - Shot by Artemi Panarin.
7:12 of 2nd period - Shot Misses the Net.
8:27 of 2nd period - Shot by Logan Couture.
8:27 of 2nd period - Deflect By Alexander Kerfoot.
8:27 of 2nd period - Stopped by Andrei Vasilevskiy without a rebound.
8:28 of 2nd period - Brandon Sutter wins face-off versus Radek Faksa in ARIZONA Coyotes zone.
8:28 of 2nd period - Brandon Sutter is hit by Ilya Mikheyev.
8:45 of 2nd period - Icing by Brandon Sutter.
8:46 of 2nd period - Morgan Frost wins face-off versus Troy Terry in ARIZONA Coyotes zone.
8:46 of 2nd period - Morgan Frost is hit by Tim Stutzle.
9:00 of 2nd period - Shot by Scott Mayfield.
9:00 of 2nd period - Stopped by Jeremy Swayman with a rebound.
9:20 of 2nd period - Troy Terry is hit by Morgan Frost and loses puck.
9:30 of 2nd period - Minor Penalty to Brian Dumoulin for Interference.
9:31 of 2nd period - Nick Suzuki wins face-off versus Auston Matthews in WINNIPEG Jets zone.
9:31 of 2nd period - Nick Suzuki is hit by Artemi Panarin.
10:39 of 2nd period - Shot by Michael Bunting.
10:39 of 2nd period - Shot Blocked by Nick Suzuki.
10:51 of 2nd period - Shot by Scott Mayfield.
10:51 of 2nd period - Shot Misses the Net.
10:53 of 2nd period - Shot by Scott Mayfield.
10:53 of 2nd period - Stopped by Jeremy Swayman without a rebound.
10:54 of 2nd period - Auston Matthews wins face-off versus Radek Faksa in WINNIPEG Jets zone.
11:13 of 2nd period - Shot by Ryan Nugent-Hopkins.
11:13 of 2nd period - Stopped by Jeremy Swayman without a rebound.
11:14 of 2nd period - Sam Reinhart wins face-off versus Radek Faksa in WINNIPEG Jets zone.
11:37 of 2nd period - Shot by Troy Terry.
11:37 of 2nd period - Goal by Troy Terry - WINNIPEG Jets : 2 - ARIZONA Coyotes : 3.
11:38 of 2nd period - Brandon Sutter wins face-off versus Logan Couture in neutral zone.
11:41 of 2nd period - Shot by Morgan Frost.
11:41 of 2nd period - Shot Blocked by Brian Dumoulin.
11:58 of 2nd period - Shot by Brandon Sutter.
11:58 of 2nd period - Shot Misses the Net.
12:16 of 2nd period - Shot by Tim Stutzle.
12:16 of 2nd period - Shot Hit the Post.
12:18 of 2nd period - Shot by Brian Dumoulin.
12:18 of 2nd period - Shot Misses the Net.
12:40 of 2nd period - Shot by Jaden Schwartz.
12:40 of 2nd period - Shot Blocked by Vladislav Gavrikov.
13:27 of 2nd period - Icing by Rasmus Dahlin.
13:28 of 2nd period - Mark Scheifele wins face-off versus Nick Suzuki in WINNIPEG Jets zone.
13:39 of 2nd period - Shot by Mikey Anderson.
13:39 of 2nd period - Stopped by Jeremy Swayman without a rebound.
13:40 of 2nd period - Frederick Gaudreau wins face-off versus Logan Couture in WINNIPEG Jets zone.
13:40 of 2nd period - Frederick Gaudreau is hit by Miro Heiskanen.
13:57 of 2nd period - Minor Penalty to Frederick Gaudreau for Roughing.
13:58 of 2nd period - Nick Suzuki wins face-off versus Brandon Sutter in ARIZONA Coyotes zone.
14:05 of 2nd period - Shot by Evan Bouchard.
14:05 of 2nd period - Stopped by Andrei Vasilevskiy without a rebound.
14:06 of 2nd period - Nick Suzuki wins face-off versus Brandon Sutter in ARIZONA Coyotes zone.
14:09 of 2nd period - Shot by Clayton Keller.
14:09 of 2nd period - Shot Misses the Net.
14:17 of 2nd period - Shot by Rasmus Dahlin.
14:17 of 2nd period - Shot Blocked by Ryan Nugent-Hopkins.
14:39 of 2nd period - Shot by Evan Bouchard.
14:39 of 2nd period - Shot Misses the Net.
14:43 of 2nd period - Shot by Brandon Hagel.
14:43 of 2nd period - Stopped by Andrei Vasilevskiy without a rebound.
14:44 of 2nd period - Brandon Sutter wins face-off versus Logan Couture in ARIZONA Coyotes zone.
15:09 of 2nd period - Icing by Travis Sanheim.
15:10 of 2nd period - Logan Couture wins face-off versus Brandon Sutter in WINNIPEG Jets zone.
15:45 of 2nd period - Alec Martinez is hit by Tim Stutzle and loses puck.
16:09 of 2nd period - Icing by Trevor van Riemsdyk.
16:10 of 2nd period - Radek Faksa wins face-off versus Auston Matthews in WINNIPEG Jets zone.
16:16 of 2nd period - Off-side.
16:17 of 2nd period - Radek Faksa wins face-off versus Auston Matthews in neutral zone.
17:40 of 2nd period - Jonas Siegenthaler is hit by Clayton Keller and loses puck.
18:17 of 2nd period - Shot by Nick Suzuki.
18:17 of 2nd period - Shot Misses the Net.
18:20 of 2nd period - Icing by Ryan Hartman.
18:21 of 2nd period - Frederick Gaudreau wins face-off versus Radek Faksa in ARIZONA Coyotes zone.
18:23 of 2nd period - Icing by Michael Bunting.
18:24 of 2nd period - Frederick Gaudreau wins face-off versus Radek Faksa in ARIZONA Coyotes zone.
18:38 of 2nd period - Icing by Scott Mayfield.
18:39 of 2nd period - Nick Suzuki wins face-off versus Frederick Gaudreau in ARIZONA Coyotes zone.
19:46 of 2nd period - Shot by Sam Reinhart.
19:46 of 2nd period - Shot Blocked by Brian Dumoulin.
19:58 of 2nd period - Shot by Auston Matthews.
19:58 of 2nd period - Deflect By Sam Reinhart.
19:58 of 2nd period - Shot Blocked by Miro Heiskanen.
Goals for this period are 2 for WINNIPEG Jets vs 0 for ARIZONA Coyotes.
Shots for this period are 10 for WINNIPEG Jets vs 10 for ARIZONA Coyotes.

3rd period


0:01 of 3rd period - Auston Matthews wins face-off versus Logan Couture in neutral zone.
0:15 of 3rd period - Icing by Trevor van Riemsdyk.
0:16 of 3rd period - Mark Scheifele wins face-off versus Logan Couture in WINNIPEG Jets zone.
0:16 of 3rd period - Ryan Nugent-Hopkins is hit by Rasmus Dahlin and loses puck.
0:28 of 3rd period - Off-side.
0:29 of 3rd period - Nick Suzuki wins face-off versus Artemi Panarin in neutral zone.
0:29 of 3rd period - Brandon Hagel is hit by Artemi Panarin.
0:41 of 3rd period - Shot by Auston Matthews.
0:41 of 3rd period - Stopped by Jeremy Swayman without a rebound.
0:42 of 3rd period - Mark Scheifele wins face-off versus Logan Couture in WINNIPEG Jets zone.
0:42 of 3rd period - Rickard Rakell is hit by Rasmus Dahlin and loses puck.
0:57 of 3rd period - Shot by Clayton Keller.
0:57 of 3rd period - Stopped by Andrei Vasilevskiy without a rebound.
0:58 of 3rd period - Auston Matthews wins face-off versus Nick Suzuki in ARIZONA Coyotes zone.
0:58 of 3rd period - Auston Matthews is hit by Brandon Hagel.
1:52 of 3rd period - Brian Dumoulin is hit by Jonas Siegenthaler and loses puck.
1:56 of 3rd period - Minor Penalty to Mathew Barzal for Tripping.
1:57 of 3rd period - Sam Reinhart wins face-off versus Troy Terry in WINNIPEG Jets zone.
2:16 of 3rd period - Shot by Rickard Rakell.
2:16 of 3rd period - Shot Blocked by Travis Sanheim.
2:18 of 3rd period - Shot by Michael Bunting.
2:18 of 3rd period - Stopped by Jeremy Swayman without a rebound.
2:19 of 3rd period - Alexander Kerfoot wins face-off versus Auston Matthews in WINNIPEG Jets zone.
2:19 of 3rd period - Trevor van Riemsdyk is hit by Auston Matthews and loses puck.
2:24 of 3rd period - Shot by Artemi Panarin.
2:24 of 3rd period - Shot Misses the Net.
2:26 of 3rd period - Shot by Roman Josi.
2:26 of 3rd period - Deflect By Mark Scheifele.
2:26 of 3rd period - Shot Misses the Net.
2:28 of 3rd period - Shot by Roman Josi.
2:28 of 3rd period - Shot Misses the Net.
2:30 of 3rd period - Shot by Roman Josi.
2:30 of 3rd period - Stopped by Jeremy Swayman without a rebound.
2:31 of 3rd period - Mark Scheifele wins face-off versus Nick Suzuki in WINNIPEG Jets zone.
2:53 of 3rd period - Icing by Auston Matthews.
2:54 of 3rd period - Nick Suzuki wins face-off versus Auston Matthews in ARIZONA Coyotes zone.
3:25 of 3rd period - Nick Suzuki is hit by Ryan Hartman.
3:57 of 3rd period - Icing by Radek Faksa.
3:58 of 3rd period - Brandon Sutter wins face-off versus Logan Couture in WINNIPEG Jets zone.
4:25 of 3rd period - Shot by Troy Terry.
4:25 of 3rd period - Stopped by Andrei Vasilevskiy without a rebound.
4:26 of 3rd period - Radek Faksa wins face-off versus Ryan Nugent-Hopkins in ARIZONA Coyotes zone.
5:09 of 3rd period - Shot by Trevor van Riemsdyk.
5:09 of 3rd period - Shot Misses the Net.
6:54 of 3rd period - Icing by Mikey Anderson.
6:55 of 3rd period - Frederick Gaudreau wins face-off versus Radek Faksa in ARIZONA Coyotes zone.
7:04 of 3rd period - Shot by Michael Bunting.
7:04 of 3rd period - Stopped by Jeremy Swayman with a rebound.
8:04 of 3rd period - Shot by Ryan Nugent-Hopkins.
8:04 of 3rd period - Shot Misses the Net.
8:19 of 3rd period - Icing by Vladislav Gavrikov.
8:20 of 3rd period - Logan Couture wins face-off versus Rickard Rakell in ARIZONA Coyotes zone.
8:20 of 3rd period - Brian Dumoulin is hit by Roman Josi and loses puck.
8:47 of 3rd period - Shot by Clayton Keller.
8:47 of 3rd period - Stopped by Andrei Vasilevskiy without a rebound.
8:48 of 3rd period - Nick Suzuki wins face-off versus Auston Matthews in ARIZONA Coyotes zone.
9:27 of 3rd period - Icing by Evan Bouchard.
9:28 of 3rd period - Nick Suzuki wins face-off versus Frederick Gaudreau in WINNIPEG Jets zone.
9:32 of 3rd period - Icing by Evan Bouchard.
9:33 of 3rd period - Mark Scheifele wins face-off versus Nick Suzuki in WINNIPEG Jets zone.
9:33 of 3rd period - Ryan Nugent-Hopkins is hit by Travis Sanheim.
9:49 of 3rd period - Shot by Nick Suzuki.
9:49 of 3rd period - Shot Misses the Net.
10:06 of 3rd period - Ryan Nugent-Hopkins is hit by Travis Sanheim and loses puck.
10:10 of 3rd period - Icing by Travis Sanheim.
10:11 of 3rd period - Nick Suzuki wins face-off versus Artemi Panarin in WINNIPEG Jets zone.
10:15 of 3rd period - Off-side.
10:16 of 3rd period - Auston Matthews wins face-off versus Clayton Keller in neutral zone.
10:29 of 3rd period - Shot by Auston Matthews.
10:29 of 3rd period - Stopped by Jeremy Swayman without a rebound.
10:30 of 3rd period - Mark Scheifele wins face-off versus Logan Couture in WINNIPEG Jets zone.
10:41 of 3rd period - Shot by Ryan Nugent-Hopkins.
10:41 of 3rd period - Stopped by Jeremy Swayman without a rebound.
10:42 of 3rd period - Auston Matthews wins face-off versus Logan Couture in WINNIPEG Jets zone.
11:02 of 3rd period - Auston Matthews is hit by Logan Couture and loses puck.
11:15 of 3rd period - Shot by Auston Matthews.
11:15 of 3rd period - Stopped by Jeremy Swayman without a rebound.
11:16 of 3rd period - Nick Suzuki wins face-off versus Ryan Nugent-Hopkins in WINNIPEG Jets zone.
11:50 of 3rd period - Icing by Brandon Hagel.
11:51 of 3rd period - Auston Matthews wins face-off versus Nick Suzuki in WINNIPEG Jets zone.
11:51 of 3rd period - Auston Matthews is hit by Trevor van Riemsdyk.
11:58 of 3rd period - Off-side.
11:59 of 3rd period - Logan Couture wins face-off versus Auston Matthews in neutral zone.
12:04 of 3rd period - Shot by Logan Couture.
12:04 of 3rd period - Stopped by Andrei Vasilevskiy without a rebound.
12:05 of 3rd period - Auston Matthews wins face-off versus Logan Couture in ARIZONA Coyotes zone.
12:33 of 3rd period - Shot by Miro Heiskanen.
12:33 of 3rd period - Deflect By Troy Terry.
12:33 of 3rd period - Goal by Troy Terry - WINNIPEG Jets : 3 - ARIZONA Coyotes : 3.
12:34 of 3rd period - Mark Scheifele wins face-off versus Mathew Barzal in neutral zone.
12:34 of 3rd period - Ryan Nugent-Hopkins is hit by Nick Suzuki and loses puck.
12:39 of 3rd period - Mark Scheifele is hit by Brandon Hagel and loses puck.
12:52 of 3rd period - Shot by Mathew Barzal.
12:52 of 3rd period - Stopped by Andrei Vasilevskiy without a rebound.
12:53 of 3rd period - Auston Matthews wins face-off versus Logan Couture in ARIZONA Coyotes zone.
13:06 of 3rd period - Shot by Auston Matthews.
13:06 of 3rd period - Stopped by Jeremy Swayman without a rebound.
13:07 of 3rd period - Nick Suzuki wins face-off versus Mark Scheifele in WINNIPEG Jets zone.
13:23 of 3rd period - Jonas Siegenthaler is hit by Brandon Hagel and loses puck.
13:34 of 3rd period - Shot by Mark Scheifele.
13:34 of 3rd period - Shot Misses the Net.
14:03 of 3rd period - Mark Scheifele is hit by Miro Heiskanen and loses puck.
14:09 of 3rd period - Off-side.
14:10 of 3rd period - Auston Matthews wins face-off versus Logan Couture in neutral zone.
15:18 of 3rd period - Frederick Gaudreau is hit by Brian Dumoulin.
15:24 of 3rd period - Shot by Michael Bunting.
15:24 of 3rd period - Stopped by Jeremy Swayman without a rebound.
15:25 of 3rd period - Nick Suzuki wins face-off versus Brandon Sutter in WINNIPEG Jets zone.
15:43 of 3rd period - Icing by Nick Suzuki.
15:44 of 3rd period - Mark Scheifele wins face-off versus Nick Suzuki in WINNIPEG Jets zone.
15:59 of 3rd period - Shot by Nick Suzuki.
15:59 of 3rd period - Shot Misses the Net.
16:01 of 3rd period - Shot by Mathew Barzal.
16:01 of 3rd period - Shot Misses the Net.
16:10 of 3rd period - Icing by Alec Martinez.
16:11 of 3rd period - Rickard Rakell wins face-off versus Logan Couture in ARIZONA Coyotes zone.
16:13 of 3rd period - Jonas Siegenthaler is hit by Tim Stutzle and loses puck.
16:15 of 3rd period - Minor Penalty to Alec Martinez for Tripping.
16:15 of 3rd period - Minor Penalty to Logan Couture for Hooking.
16:16 of 3rd period - Auston Matthews wins face-off versus Mathew Barzal in ARIZONA Coyotes zone.
17:13 of 3rd period - Icing by Scott Mayfield.
17:14 of 3rd period - Auston Matthews wins face-off versus Mathew Barzal in ARIZONA Coyotes zone.
17:26 of 3rd period - Icing by Scott Mayfield.
17:27 of 3rd period - Mathew Barzal wins face-off versus Auston Matthews in ARIZONA Coyotes zone.
18:20 of 3rd period - Minor Penalty to Michael Bunting for Slashing.
18:21 of 3rd period - Nick Suzuki wins face-off versus Brandon Sutter in ARIZONA Coyotes zone.
18:22 of 3rd period - Shot by Troy Terry.
18:22 of 3rd period - Stopped by Andrei Vasilevskiy without a rebound.
18:23 of 3rd period - Brandon Sutter wins face-off versus Nick Suzuki in ARIZONA Coyotes zone.
18:32 of 3rd period - Shot by Ryan Nugent-Hopkins.
18:32 of 3rd period - Stopped by Jeremy Swayman without a rebound.
18:33 of 3rd period - Nick Suzuki wins face-off versus Brandon Sutter in WINNIPEG Jets zone.
19:06 of 3rd period - Shot by Ryan Nugent-Hopkins.
19:06 of 3rd period - Shot Misses the Net.
19:16 of 3rd period - Shot by Troy Terry.
19:16 of 3rd period - Stopped by Andrei Vasilevskiy without a rebound.
19:17 of 3rd period - Brandon Sutter wins face-off versus Logan Couture in ARIZONA Coyotes zone.
19:49 of 3rd period - Shot by Tim Stutzle.
19:49 of 3rd period - Stopped by Andrei Vasilevskiy with a rebound.
19:56 of 3rd period - Tim Stutzle is hit by Scott Mayfield and loses puck.
Goals for this period are 1 for WINNIPEG Jets vs 0 for ARIZONA Coyotes.
Shots for this period are 9 for WINNIPEG Jets vs 10 for ARIZONA Coyotes.

Overtime #1


0:01 of 1st overtime period - Brandon Sutter wins face-off versus Mathew Barzal in neutral zone.
0:22 of 1st overtime period - Shot by Brandon Hagel.
0:22 of 1st overtime period - Goal by Brandon Hagel - WINNIPEG Jets : 4 - ARIZONA Coyotes : 3.
Goals for this period are 1 for WINNIPEG Jets vs 0 for ARIZONA Coyotes.
Shots for this period are 1 for WINNIPEG Jets vs 0 for ARIZONA Coyotes. Output by the SimonT Hockey Simulator (STHS) for Martin Benoit - Original Page W3C HTML5 Valid
Hockey Simulator - Hockey Simulation - Hockey Manager